Map: Eternal Empire LE

Players

DPGCure (Cure)

  • Race: Terran Terran
  • League: Master
  • Spawn Location: 7:00

Bunny - Winner!

  • Race: Terran Terran
  • Spawn Location: 1:00

Event: StayAtHomestory Cup #2

VOD

Have the link to the VOD?

Description

Time

  • Played on: June 12, 2020, 2:38 p.m.
  • Length: 9:21

All games in this series

Show
View Real Time Build Order
Export as new Build Order

DPGCure Terran 

Build Orders:  

Get SALT Encoding   

  12  0:00  SCV  
  13  0:12  SCV  
  14  0:17  Supply Depot  
  14  0:25  SCV  
  14  0:27  Refinery  
  15  0:38  SCV  
  16  0:44  Barracks  
  16  0:50  SCV  
  16  0:55  Refinery  
  17  1:02  SCV  
  18  1:15  SCV  
  19  1:30  Orbital Command  
  19  1:31  Reaper  
  20  1:35  Factory  
  20  1:47  Supply Depot  
  20  1:56  SCV  
  21  2:03  Reaper  
  22  2:08  SCV  
  23  2:19  Hellion  
  23  2:20  SCV  
  26  2:31  Command Center  
  26  2:33  SCV  
  26  2:36  Reaper  
  28  2:42  Hellion  
  30  2:47  Supply Depot  
  30  2:50  SCV  
  31  3:00  Starport  
  31  3:05  Factory Tech Lab  
  31  3:08  SCV  
  31  3:09  Barracks Tech Lab  
  32  3:20  SCV  
  31  3:28  Cyclone, Refinery  
  31  3:32  SCV  
  30  3:44  Orbital Command  
  30  3:45  SCV  
  30  3:46  Banshee  
  34  3:49  Barracks Reactor  
  30  4:05  SCV  
  30  4:07  Cyclone  
  33  4:11  SCV  
  35  4:17  SCV  
  35  4:23  SCV  
  36  4:26  Marine x2  
  36  4:29  Raven  
  36  4:31  SCV  
  41  4:35  SCV  
  42  4:40  Supply Depot  
  42  4:43  SCV  
  46  4:46  Supply Depot  
  46  4:47  SCV  
  46  4:52  Command Center  
  44  4:55  SCV  
  44  4:59  SCV  
  46  5:02  Siege Tank  
  46  5:04  Marine  
  46  5:05  Marine  
  51  5:09  SCV  
  51  5:11  SCV  
  51  5:12  Raven  
  53  5:21  SCV  
  53  5:22  Refinery  
  53  5:23  SCV, Marine x2  
  56  5:33  SCV  
  56  5:34  Siege Tank  
  60  5:36  SCV  
  60  5:38  Supply Depot  
  60  5:41  Marine x2  
  63  5:45  SCV  
  63  5:48  SCV  
  65  5:56  Raven  
  67  5:58  SCV  
  67  5:59  Marine x2  
  67  6:00  SCV  
  71  6:05  Orbital Command  
  71  6:06  Siege Tank  
  71  6:10  SCV  
  75  6:12  SCV  
  75  6:17  Marine x2  
  78  6:21  Barracks  
  78  6:23  Barracks  
  78  6:26  SCV x2  
  78  6:28  Orbital Command  
  80  6:38  SCV x2  
  80  6:39  Siege Tank  
  85  6:49  Marine  
  85  6:50  Viking x2  
  85  6:52  SCV x2  
  92  6:54  SCV  
  92  6:57  Engineering Bay  
  92  6:59  Engineering Bay  
  93  7:10  SCV  
  93  7:12  SCV x2  
  93  7:14  Marine  
  92  7:18  Supply Depot  
  92  7:22  SCV  
  86  7:24  SCV  
  86  7:25  SCV  
  86  7:35  SCV  
  86  7:36  SCV  
  89  7:37  SCV, Barracks Tech Lab  
  89  7:38  Barracks Reactor, Barracks Tech Lab  
  89  7:41  Barracks x2  
  89  7:50  SCV x3  
  92  7:54  Siege Tank  
  92  7:55  Viking  
  92  7:56  Viking  
  99  8:02  SCV x2  
  101  8:08  Supply Depot x2  
  101  8:09  SCV, Marine x2  
  104  8:14  SCV x2  
  106  8:20  Refinery  
  106  8:21  SCV, Refinery  
  106  8:24  Sensor Tower  
  106  8:26  SCV x2  
  109  8:29  Viking  
  109  8:33  SCV  
  112  8:34  Viking  
  112  8:39  SCV x2  
  112  8:40  Barracks Reactor x2  
  116  8:42  Marine x4  
  116  8:45  SCV  
  121  8:52  SCV x2  
  122  9:00  Supply Depot x2  
  122  9:01  Marine x4  
  125  9:04  Armory, Supply Depot  
Show
View Real Time Build Order
Export as new Build Order

Bunny Terran - Winner!

Build Orders:  

Get SALT Encoding   

  12  0:00  SCV  
  13  0:13  SCV  
  14  0:17  Supply Depot  
  14  0:25  SCV  
  14  0:27  Refinery  
  15  0:38  SCV  
  16  0:43  Barracks  
  16  0:50  SCV  
  16  0:54  Refinery  
  17  1:02  SCV  
  18  1:15  SCV  
  19  1:30  Orbital Command  
  19  1:32  Factory  
  19  1:36  Reaper  
  20  1:49  Supply Depot  
  20  1:55  SCV  
  21  2:07  SCV  
  22  2:08  Reaper  
  23  2:16  Hellion  
  23  2:19  SCV  
  26  2:31  SCV  
  26  2:34  Command Center  
  27  2:40  Hellion  
  27  2:42  Reaper  
  30  2:49  SCV, Supply Depot  
  31  2:59  Starport  
  31  3:06  Factory Tech Lab  
  31  3:10  SCV  
  32  3:16  Barracks Reactor  
  32  3:22  SCV  
  32  3:26  Cyclone  
  34  3:35  SCV  
  34  3:44  Starport Tech Lab  
  34  3:46  Orbital Command  
  34  3:47  SCV  
  35  3:53  Marine x2  
  37  3:59  SCV  
  38  4:04  Raven  
  38  4:09  Refinery  
  38  4:10  Siege Tank  
  38  4:11  SCV, Marine x2  
  38  4:12  SCV  
  45  4:23  SCV  
  46  4:24  SCV  
  46  4:29  Command Center  
  47  4:31  Marine x2  
  47  4:35  SCV  
  47  4:36  SCV  
  51  4:39  Supply Depot  
  51  4:46  Raven  
  51  4:48  SCV  
  51  4:49  Refinery  
  54  4:53  Supply Depot  
  54  5:00  Marine x2  
  54  5:01  SCV x2, Supply Depot  
  54  5:05  Siege Tank  
  61  5:13  SCV x2  
  61  5:24  Marine x2  
  61  5:25  SCV x2  
  65  5:29  Raven  
  65  5:32  Supply Depot  
  67  5:37  SCV x2, Siege Tank  
  67  5:41  Orbital Command  
  72  5:44  Marine  
  72  5:45  Marine  
  74  5:50  SCV x2  
  76  6:02  SCV x2, Barracks  
  76  6:03  Barracks  
  78  6:08  SCV  
  78  6:09  Siege Tank  
  83  6:18  SCV x2  
  83  6:20  SCV  
  83  6:24  Viking  
  83  6:25  Viking  
  88  6:28  Marine  
  88  6:29  Stimpack  
  88  6:31  SCV x2  
  88  6:32  SCV  
  89  6:43  SCV x2  
  89  6:44  SCV, Engineering Bay  
  89  6:46  Engineering Bay  
  91  6:48  Siege Tank  
  91  6:52  Barracks Reactor  
  91  6:54  Barracks Reactor  
  94  6:55  SCV x2  
  94  6:59  Supply Depot  
  96  7:02  Marine  
  96  7:04  SCV  
  96  7:07  SCV x2  
  100  7:10  Medivac  
  100  7:15  Medivac  
  101  7:21  Siege Tank  
  104  7:25  SCV x3, Marine  
  108  7:32  Marine  
  108  7:33  Refinery x2  
  108  7:34  Marine x2  
  108  7:36  Barracks  
  108  7:37  Barracks, Marine  
  109  7:39  Supply Depot  
  110  7:48  Medivac x2  
  110  7:49  Marine  
  115  7:56  SCV x3  
  118  8:00  Marine x4  
  118  8:02  Siege Tank  
  118  8:05  Armory  
  125  8:06  Supply Depot  
  125  8:08  SCV, Supply Depot  
  125  8:09  SCV x2  
  128  8:15  Marine  
  128  8:17  Marine  
  128  8:18  Marine x3  
  133  8:26  Supply Depot  
  133  8:28  SCV x3, Supply Depot, Barracks Reactor, Medivac x2  
  133  8:29  Barracks Reactor  
  138  8:34  Siege Tank  
  138  8:55  Marine x5  
  141  8:56  Command Center  
  141  8:58  SCV x3  
  141  8:59  Factory  
  142  9:09  Sensor Tower  
Tags
 
Add a new tag
Caveats
  • Supply blocks, unpowered buildings, or Contaminate may cause inaccurate times.
  • Supply counts are checked every 10 seconds.